Map: Acropolis LE

Players

Awers - Winner!

  • Race: Terran Terran
  • Spawn Location: 11:00

Fallenger

  • Race: Zerg Zerg
  • Spawn Location: 5:00

Event: 2019 WCS Summer

VOD

Have the link to the VOD?

Description

Time

  • Played on: July 12, 2019, 7:24 a.m.
  • Length: 13:36

All games in this series

Show
View Real Time Build Order
Export as new Build Order

Awers Terran - Winner!

Build Orders: Liberator Opening, Reaper Expand, Mech 

Get SALT Encoding   

  12  0:01  SCV  
  13  0:13  SCV  
  14  0:18  Supply Depot  
  14  0:25  SCV  
  15  0:40  Barracks, SCV  
  16  0:43  Refinery  
  16  0:52  SCV  
  17  1:04  SCV  
  18  1:16  SCV  
  19  1:28  Orbital Command, Reaper  
  20  1:39  Command Center  
  20  1:47  Supply Depot  
  20  1:54  SCV  
  20  2:00  Marine  
  22  2:07  SCV  
  23  2:09  Factory  
  23  2:14  Refinery  
  23  2:20  Barracks Reactor, SCV  
  24  2:36  SCV  
  25  2:50  SCV  
  26  2:51  Orbital Command  
  26  2:54  Starport  
  26  3:02  SCV  
  26  3:04  Hellion x2  
  31  3:14  SCV  
  31  3:16  Armory  
  31  3:18  SCV  
  31  3:19  Barracks Tech Lab  
  33  3:24  Liberator  
  33  3:26  SCV, Hellion x2  
  38  3:33  SCV  
  39  3:38  Supply Depot  
  39  3:46  SCV x2  
  39  3:48  Marauder  
  45  3:54  Supply Depot  
  45  3:58  SCV  
  45  4:00  SCV  
  47  4:04  Supply Depot  
  47  4:10  SCV  
  47  4:12  Marauder  
  47  4:14  Bunker  
  47  4:16  SCV  
  51  4:18  Terran Vehicle Weapons Level 1  
  51  4:22  SCV  
  52  4:30  SCV, Supply Depot  
  53  4:41  Banshee  
  53  4:44  Command Center  
  56  4:48  SCV  
  56  4:51  SCV  
  56  4:52  Refinery  
  58  4:54  Refinery  
  58  5:00  SCV  
  58  5:02  Factory  
  58  5:03  SCV, Hellion x2  
  64  5:11  Factory  
  64  5:13  SCV  
  65  5:19  Barracks Tech Lab  
  65  5:21  SCV  
  65  5:22  Engineering Bay  
  65  5:25  SCV  
  64  5:33  SCV  
  64  5:35  Widow Mine x2  
  69  5:40  Starport Reactor, SCV  
  62  5:51  SCV, Missile Turret  
  62  5:52  Missile Turret  
  62  5:53  Missile Turret  
  63  5:59  Thor  
  63  6:01  Orbital Command  
  69  6:07  Thor  
  72  6:14  Terran Vehicle Weapons Level 2  
  72  6:16  SCV  
  72  6:17  SCV  
  73  6:26  Medivac  
  73  6:28  SCV  
  73  6:29  SCV  
  78  6:36  Hellion, Medivac  
  78  6:37  Hellion  
  83  6:40  Missile Turret  
  83  6:41  SCV  
  84  6:48  SCV  
  84  6:49  Siege Tank  
  84  6:51  Orbital Command  
  88  6:59  SCV  
  88  7:00  SCV  
  90  7:02  Hellion  
  90  7:06  Supply Depot x4  
  92  7:10  Refinery  
  92  7:11  Refinery, Missile Turret  
  92  7:16  SCV  
  93  7:23  Factory x2  
  93  7:27  Siege Tank, SCV x2  
  93  7:28  SCV, Hellion  
  104  7:30  Siege Tank  
  104  7:36  Supply Depot x2  
  104  7:37  Supply Depot  
  104  7:39  SCV  
  104  7:40  SCV  
  104  7:43  Starport Reactor  
  106  7:45  Sensor Tower, SCV  
  106  7:50  Hellion x3  
  109  7:51  Hellion  
  109  7:53  Missile Turret  
  109  7:55  SCV x2  
  111  7:58  SCV  
  111  8:01  Siege Tank  
  111  8:05  Supply Depot  
  115  8:06  Siege Tank  
  115  8:10  SCV  
  119  8:15  Factory Tech Lab  
  119  8:16  Hellion x2  
  123  8:23  Infernal Pre-Igniter  
  123  8:32  Supply Depot  
  116  8:41  Siege Tank, Hellion x2  
  116  8:43  Siege Tank, Hellion x3  
  110  8:56  Liberator x2  
  110  9:03  Hellion x2  
  110  9:04  Siege Tank, Hellion x2  
  110  9:05  SCV  
  110  9:09  SCV  
  125  9:17  SCV  
  125  9:21  Terran Vehicle Weapons Level 3  
  125  9:22  SCV  
  127  9:25  Siege Tank  
  130  9:36  Siege Tank, Hellion x2  
  137  9:45  Siege Tank, Hellion x2  
  144  9:56  Supply Depot  
  144  9:57  Supply Depot  
  144  9:58  Liberator x2, Hellion x5  
  140  10:08  Siege Tank  
  140  10:12  Hellion  
  140  10:13  Hellion  
  140  10:14  Hellion  
  147  10:22  Hellion  
  147  10:23  Siege Tank x2  
  153  10:30  Hellion  
  155  10:40  Siege Tank  
  158  10:44  Hellion x2  
  158  10:45  Hellion  
  164  10:52  Supply Depot x2  
  164  10:53  Supply Depot x2  
  164  10:58  Smart Servos  
  164  11:04  Hellion x3  
  158  11:18  Siege Tank x2, Hellion x3  
  164  11:26  Thor  
  170  11:32  Command Center  
  170  11:40  Thor x2  
  170  11:45  Viking x2  
  174  11:48  Hellion x4  
  177  11:58  Liberator x2  
  162  12:01  Siege Tank, Hellion  
  167  12:09  Hellion  
  167  12:11  Supply Depot  
  167  12:12  Supply Depot  
  169  12:17  Hellion  
  169  12:18  Hellion x2  
  181  12:22  Siege Tank  
  182  12:40  Siege Tank, Hellion x2  
  184  12:54  Siege Tank, Hellion x2  
  189  13:01  Hellion  
  189  13:02  SCV  
Show
View Real Time Build Order
Export as new Build Order

Fallenger Zerg 

Build Orders: Hatch First, Swarm Host 

Get SALT Encoding   

  12  0:00  Drone  
  13  0:13  Overlord  
  13  0:17  Drone  
  14  0:33  Drone x2  
  16  0:38  Drone  
  17  0:55  Hatchery  
  16  0:57  Drone  
  16  0:58  Drone  
  16  1:03  Extractor  
  17  1:13  Spawning Pool  
  17  1:17  Drone  
  17  1:20  Drone  
  18  1:29  Drone  
  19  1:41  Overlord  
  19  1:51  Drone  
  20  2:00  Queen  
  22  2:01  Zergling x2  
  22  2:06  Queen  
  22  2:07  Zergling x2  
  26  2:10  Metabolic Boost  
  26  2:15  Drone  
  27  2:18  Drone  
  27  2:22  Drone  
  29  2:34  Drone x2  
  30  2:42  Queen  
  32  2:45  Lair  
  32  2:46  Overlord  
  32  2:47  Drone  
  33  2:53  Drone  
  33  2:54  Drone  
  35  3:05  Extractor  
  34  3:06  Drone x2  
  34  3:09  Drone x3  
  34  3:12  Drone  
  40  3:18  Drone  
  40  3:22  Drone x3  
  43  3:29  Overlord  
  43  3:37  Hatchery  
  42  3:48  Drone x4  
  46  3:49  Zergling x6  
  46  3:55  Spire  
  48  3:58  Extractor x2  
  46  4:05  Drone  
  46  4:06  Drone x3  
  46  4:09  Drone  
  51  4:16  Overlord  
  51  4:21  Baneling Nest  
  50  4:25  Spine Crawler  
  50  4:28  Spine Crawler  
  48  4:32  Drone  
  51  4:41  Overlord  
  51  4:42  Overlord  
  51  4:51  Drone x2  
  51  4:52  Drone x4  
  57  4:54  Overlord  
  57  4:55  Drone, Roach Warren  
  57  5:07  Mutalisk x4  
  67  5:20  Mutalisk x2  
  70  5:22  Mutalisk  
  70  5:40  Glial Reconstitution  
  70  5:41  Overlord  
  68  5:44  Evolution Chamber  
  68  5:49  Mutalisk  
  67  5:50  Drone  
  67  5:52  Overlord  
  67  5:53  Drone x7  
  67  5:54  Drone  
  75  6:02  Overlord  
  75  6:06  Spore Crawler  
  74  6:11  Spore Crawler  
  74  6:12  Drone, Spore Crawler  
  74  6:13  Drone x6  
  74  6:15  Zerg Missile Weapons Level 1, Drone  
  74  6:16  Drone  
  81  6:29  Roach x6  
  93  6:36  Drone  
  93  6:38  Drone x3, Extractor  
  96  6:41  Drone  
  96  6:45  Hatchery  
  96  6:46  Queen  
  98  6:47  Overlord  
  98  6:49  Overlord  
  98  6:51  Overlord  
  96  7:03  Roach x5  
  96  7:07  Overlord x2  
  106  7:09  Overseer  
  106  7:11  Roach x2  
  106  7:12  Roach  
  112  7:18  Drone, Extractor  
  112  7:21  Roach  
  116  7:23  Roach x4  
  116  7:25  Ravager x4  
  116  7:26  Ravager x3  
  129  7:31  Roach x2  
  129  7:32  Roach  
  135  7:38  Roach x3  
  141  7:46  Overlord x2  
  141  7:49  Overlord  
  141  7:53  Overlord  
  141  7:55  Zergling x2, Roach x2  
  141  7:58  Overlord  
  146  7:59  Roach x3  
  146  8:04  Overlord  
  152  8:06  Overlord  
  152  8:07  Zergling x6  
  152  8:09  Zergling x4  
  152  8:10  Zergling x2  
  158  8:15  Ravager x6  
  158  8:16  Roach  
  158  8:19  Roach x2  
  154  8:38  Pneumatized Carapace  
  122  8:46  Roach x8  
  122  8:48  Roach x4  
  103  9:09  Roach  
  110  9:10  Roach x8  
  110  9:13  Queen  
  110  9:14  Overseer, Roach x2  
  121  9:17  Zergling x4  
  121  9:18  Ravager x3  
  121  9:19  Zergling x6  
  121  9:23  Overseer  
  128  9:25  Zergling x4  
  128  9:26  Zergling x2  
  128  9:31  Roach  
  133  9:34  Zerg Missile Weapons Level 2  
  133  9:35  Drone x3  
  133  9:37  Drone x3  
  139  9:39  Drone x2  
  139  9:41  Drone  
  139  9:44  Drone  
  143  9:49  Drone x3  
  143  9:52  Drone  
  143  9:53  Drone  
  143  9:57  Drone x2  
  143  9:58  Roach x2  
  139  10:05  Drone  
  139  10:06  Drone x2  
  133  10:07  Roach x2  
  133  10:08  Roach x3  
  141  10:15  Drone x2  
  141  10:16  Drone  
  144  10:23  Zergling x2, Spore Crawler  
  144  10:24  Zergling x4  
  146  10:29  Roach x2  
  150  10:35  Drone  
  150  10:36  Drone x2  
  150  10:37  Drone x2  
  155  10:43  Infestation Pit  
  155  10:45  Overlord  
  153  10:56  Drone x3  
  153  10:57  Drone  
  145  11:16  Drone x8  
  145  11:17  Drone  
  145  11:22  Swarm Host x8  
  168  11:33  Drone  
  168  11:34  Drone x2  
  155  11:59  Swarm Host x12  
  185  12:05  Drone x3  
  185  12:06  Drone x2  
  190  12:09  Drone x4  
  192  12:23  Roach x3  
  192  12:24  Overlord  
  194  12:32  Overlord  
  184  12:53  Roach x4  
  184  12:54  Roach x5  
  199  13:08  Hatchery  
Tags
 
Add a new tag
Caveats
  • Supply blocks, unpowered buildings, or Contaminate may cause inaccurate times.
  • Supply counts are checked every 10 seconds.